 Dungeon Crawl Stone Soup version 0.28-a0-10-g964c8b829e (webtiles) character file.

Game seed: 1350205530010967889

22 Sin92 the Skirmisher (level 2, -3/24 HPs)
             Began as a Demonspawn Fighter on July 25, 2021.
             Slain by an ogre (27 damage)
             ... on level 2 of the Dungeon.
             The game lasted 00:00:24 (606 turns).

Sin92 the Skirmisher (Demonspawn Fighter)            Turns: 606, Time: 00:00:24

Health: -3/24      AC:  6    Str: 16    XL:     2   Next: 68%
Magic:  2/2        EV:  7    Int:  9    God:
Gold:   27         SH:  8    Dex: 12    Spells: 1/1 levels left

rFire   . . .      SeeInvis .   a - +0 war axe
rCold   . . .      Faith    .   c - +0 kite shield
rNeg    . . .      Spirit   .   b - +0 scale mail
rPois   .          Reflect  .   (no helmet)
rElec   .          Harm     .   (no cloak)
rCorr   .          Rampage  .   (no gloves)
Will    .....                   (no boots)
Stlth   ..........              (no amulet)
HPRegen 0.08/turn               (no ring)
MPRegen 0.08/turn               (no ring)

@: no status effects
A: demonic magic 1
a: no special abilities


You were on level 2 of the Dungeon.
You visited 1 branch of the dungeon, and saw 2 of its levels.

You collected 27 gold pieces.

Inventory:

Hand Weapons
 a - a +0 war axe (weapon)
Armour
 b - a +0 scale mail (worn)
 c - a +0 kite shield (worn)
Scrolls
 e - a scroll of identify {unknown}
 f - a scroll of teleportation {unknown}
Potions
 d - 2 potions of might


   Skills:
 + Level 3.1 Fighting
 * Level 2.2 Axes
 + Level 2.9 Armour
 + Level 0.7 Dodging
 + Level 2.8 Shields


You had one spell level left.
You didn't know any spells.
Your spell library was empty.

Dungeon Overview and Level Annotations

Branches:
Dungeon (2/15)

Altars:


Innate Abilities, Weirdness & Mutations

Spells you cast may paralyse adjacent enemies.


Message History

Done exploring.
No target in view!
Unknown command.
No target in view!
Done exploring.
Unknown command.
There is an escape hatch in the floor here.
You slide downwards.
The hatch slams shut behind you.
Found a stone staircase leading up.
No target in view!
Unknown command.
No target in view!
Key pressed, stopping explore.
Unknown command.
No target in view!
Unknown command.
A goblin comes into view. It is wielding a +0 club.
The goblin shouts!
The goblin moves out of view.
No target in view!
A goblin is nearby!
An ogre comes into view. It is wielding a +0 giant club.
The ogre shouts!
Unknown command.
There are monsters nearby!
Unknown command.
A goblin comes into view. It is wielding a +0 dagger.
The goblin moves out of view.
Found 24 arrows and a runed silver ring.
Unknown command.
There are monsters nearby!
You slash the goblin!
You kill the goblin!
Unknown command.
There are monsters nearby!
You hit the ogre.
The ogre is lightly wounded.
The ogre hits you with a +0 giant club!!
Ouch! That really hurt!
You die...

≈≈≈≈≈≈≈≈≈.≈≈..=
≈P≈≈≈≈≈≈≈≈P.≈...
.P≈≈≈P≈≈≈≈≈P.....
.≈≈..P≈≈≈≈≈≈≈....
g.≈≈≈.≈≈≈≈≈.≈.. .
...≈.≈≈≈≈≈.≈.
(...##).≈.≈≈≈≈≈.
#...O@.≈≈≈≈≈≈≈
#.####...#≈≈≈
#.#####..#
#.......##
####..### ##..##
########...##
............#
########...##


You could see an ogre and a goblin.

Vanquished Creatures
  A dart slug (D:1)
  A ball python (D:1)
  A bat (D:1)
  4 endoplasms (D:1)
  A giant cockroach (D:1)
  3 goblins
  2 jackals (D:1)
  A quokka (D:1)
  A frilled lizard (D:1)
  A rat (D:1)
16 creatures vanquished.

Notes
Turn   | Place    | Note
-------+----------+-------------------------------------------
     0 | D:1      | Sin92 the Demonspawn Fighter began the quest for the Orb.
     0 | D:1      | Reached XP level 1. HP: 18/18 MP: 1/1
   235 | D:1      | Gained mutation: Spells you cast may paralyse adjacent
                  | enemies. [demonic ancestry]
   235 | D:1      | Reached XP level 2. HP: 24/24 MP: 2/2
   603 | D:2      | Noticed an ogre
   606 | D:2      | Slain by an ogre

Illustrated notes

Levels and vault maps discovered:
D:1:      saegor_arrival_simple_c, layout_rooms
D:2:      layout_loops_corners, minmay_misc_feat_enclosed, chequers_big_river

Skill      XL: |  1 |
---------------+----+-----
Axes           | 2 |  2.2
Fighting       | |  3.1
Armour         | |  2.9
Dodging        | |  0.7
Shields        | |  2.8

Action                   || total
-------------------------++-------
Melee: War axe           ||    40
Armor: Scale mail        ||    23
Dodge: Dodged            ||     5
Block: Kite shield       ||    19

Table legend: (Time is in decaauts)
 A = Elapsed time spent in this place.
 B = Non-inter-level travel time spent in this place.
 C = Inter-level travel time spent in this place.
 D = Time resting spent in this place.
 E = Time spent auto-exploring this place.
 F = Levels seen in this place.
 G = Mean time per level.
                   A        B        C        D        E       F      G
               +--------+--------+--------+--------+--------+-----+--------+
         Total |    631 |    603 |     28 |      0 |    498 |   2 |  315.5 |
       Dungeon |    631 |    603 |     28 |      0 |    498 |   2 |  315.5 |
               +--------+--------+--------+--------+--------+-----+--------+

Top non-repeatable levels by time:
     D:1: 592 daAuts
     D:2: 38 daAuts
